 Dungeon Crawl Stone Soup version 0.19.5 (webtiles) character file.

164 miragecloak the Spear-Bearer (level 5, -2/41 HPs)
             Began as a Merfolk Abyssal Knight on May 11, 2017.
             Was a Follower of Lugonu.
             Slain by a quokka (3 damage)
             ... on level 2 of the Dungeon.
             The game lasted 00:02:14 (2653 turns).

miragecloak the Spear-Bearer (MfAK)                 Turns: 2653, Time: 00:02:15

Health: -2/41      AC:  3    Str: 12    XL:     5   Next: 45%
Magic:  6/6        EV: 14    Int: 11    God:    Lugonu [*.....]
Gold:   125        SH:  0    Dex: 15    Spells: 0 memorised, 4 levels left

rFire  . . .     SeeInvis .     a - +1 spear
rCold  . . .     Gourm    .     b - +0 leather armour
rNeg   . . .     Faith    +     (no shield)
rPois  .         Spirit   .     (no helmet)
rElec  .         Reflect  .     (no cloak)
rCorr  .         Harm     .     (no gloves)
MR     .....                    (no boots)
Stlth  +.........               n - amulet of faith
                                (no ring)
                                i - +2 ring of evasion

@: no status effects
A: change form in water, swift swim, stealthy swim
a: Depart the Abyss, Renounce Religion


You were on level 2 of the Dungeon.
You worshipped Lugonu.
Lugonu was aware of your devotion.
You were near starving.

You visited 1 branch of the dungeon, and saw 3 of its levels.
You visited the Abyss 1 time.

You collected 125 gold pieces.

Inventory:

Hand Weapons
 a - a +1 spear (weapon)
Armour
 b - a +0 leather armour (worn)
Jewellery
 i - a +2 ring of evasion (left hand)
 n - an amulet of faith (around neck)
Scrolls
 e - 2 scrolls of enchant weapon {unknown}
 f - 5 scrolls of identify {unknown}
 h - a scroll of remove curse {unknown}
 j - a scroll of random uselessness {unknown}
 k - a scroll of immolation {unknown}
 m - a scroll of recharging {unknown}
Comestibles
 c - 3 bread rations
 d - a royal jelly
 g - 2 beef jerkies


   Skills:
 - Level 3.2 Fighting
 + Level 8.0 Polearms
 - Level 0.6 Armour
 - Level 2.6 Dodging
 - Level 2.0 Invocations


You had 4 spell levels left.
You didn't know any spells.

Dungeon Overview and Level Annotations

Branches:
Dungeon (3/15)

Altars:
The Shining One


Message History

The orc wizard is heavily wounded.
The quokka bites you but does no damage.
You puncture the orc wizard!
You kill the orc wizard!
Lugonu accepts your kill.
Your Polearms skill increases to level 8!
The quokka barely misses you.
Unknown command.
You hit the quokka but do no damage.
The quokka is heavily wounded.
The quokka misses you.
You barely miss the quokka.
The quokka is heavily wounded.
The quokka closely misses you.
You hit the quokka.
The quokka is almost dead.
You hit the quokka but do no damage.
The quokka is almost dead.
The quokka bites you.
You die...

#.#####......#### #.#
#.........#
###.#####.........#
#.......#.#####...#
########.#.###.#.#####†..###
#...........................
#.########.................#
#........#.................#
########.#r@..........#....#
#........)...........#....#
##.##......###########...)#
#.##...)..# #########....#
#.##......# #............#
#.##......###............#
#####.#........##..........###
#.....#..#.###.##..........#
#.#####..#.#....#..........#


You could see a quokka.

Vanquished Creatures
  An orc priest (D:3)
  2 orc wizards (D:2)
  An adder (D:2)
  An ooze (D:3)
  A worm (D:2)
  2 dart slugs
  A leopard gecko (D:1)
  6 orcs
  3 ball pythons
  2 giant cockroaches
  4 goblins
  3 hobgoblins
  3 jackals (D:1)
  8 kobolds
  8 bats
  2 frilled lizards (D:2)
  5 rats
53 creatures vanquished.

Notes
Turn   | Place    | Note
-------+----------+-------------------------------------------
     0 | Abyss:1  | miragecloak the Merfolk Abyssal Knight began the quest for the Orb.
     0 | Abyss:1  | Reached XP level 1. HP: 18/18 MP: 2/2
    41 | Abyss:1  | Noticed a spatial maelstrom
    42 | Abyss:1  | Noticed a spatial vortex
    42 | D:1      | Escaped the Abyss
   117 | D:1      | Reached skill level 4 in Polearms
   117 | D:1      | Reached XP level 2. HP: 19/24 MP: 3/3
   246 | D:1      | Reached * piety under Lugonu
   462 | D:1      | Reached XP level 3. HP: 29/29 MP: 4/4
   510 | D:1      | Reached skill level 5 in Polearms
  1805 | D:3      | Reached skill level 6 in Polearms
  1805 | D:3      | Reached XP level 4. HP: 14/35 MP: 5/5
  2085 | D:3      | Found a glowing golden altar of the Shining One.
  2205 | D:2      | Reached skill level 7 in Polearms
  2469 | D:2      | Reached XP level 5. HP: 7/41 MP: 6/6
  2647 | D:2      | HP: 1/41 [orc wizard/magic dart (4)]
  2649 | D:2      | Reached skill level 8 in Polearms
  2653 | D:2      | Slain by a quokka

Skill      XL: |  1  2  3  4  5 |
---------------+----------------+-----
Polearms       | 4 6 7 8 |  8.0
Fighting       | |  3.2
Armour         | |  0.6
Dodging        | |  2.6
Invocations    | |  2.0

Action                   |  1- 3 |  4- 6 || total
-------------------------+-------+-------++-------
Melee: Spear             |   127 |    85 ||   212
Invok: Depart the Abyss  |     1 |       ||     1
  Use: Potion            |       |     1 ||     1
 Stab: Sleeping          |     2 |       ||     2
  Eat: Chunk             |     3 |     1 ||     4
Armor: Leather armour    |    13 |    14 ||    27
Dodge: Dodged            |    55 |    76 ||   131
